 Dungeon Crawl Stone Soup version 0.29.0-13-gc9e81de378 (webtiles) character file.

Game seed: 17916766233463379589

4 snetch the Magician (level 1, 0/15 HPs)
             Began as a Djinni Fire Elementalist on Sept 7, 2022.
             Slain by a jackal (2 damage)
             ... on level 1 of the Dungeon.
             The game lasted 00:00:49 (108 turns).

snetch the Magician (Djinni Fire Elementalist)       Turns: 108, Time: 00:00:49

Health: 0/15       AC:  2    Str:  7    XL:     1   Next: 77%
Gold:   15         EV: 12    Int: 16    God:
                   SH:  0    Dex: 13

rFire   + + .      SeeInvis .   (no weapon)
rCold   x . .      Faith    .   (no shield)
rNeg    . . .      Spirit   .   a - +0 robe
rPois   ∞          Reflect  .   (no helmet)
rElec   .          Harm     .   (no cloak)
rCorr   .          Rampage  .   (no gloves)
Will    .....                   (boots unavailable)
Stlth   ++........              (no amulet)
HPRegen 0.05/turn               (no ring)
MPRegen 0.00/turn               (no ring)

@: flying
A: sickness immunity, fire resistance 2, cold vulnerability 1, float, innate
caster, HP casting, extra vitality 1
a: no special abilities


You were on level 1 of the Dungeon.
You visited 1 branch of the dungeon, and saw 1 of its levels.

You collected 15 gold pieces.

Inventory:

Missiles
 b - 2 stones
Armour
 a - a +0 robe (worn)
 d - a +0 scale mail
Jewellery
 c - a ring of ice


   Skills:
 + Level 2.2 Dodging
 + Level 1.6 Stealth
 + Level 2.6 Spellcasting


You couldn't memorise any spells.
You knew the following spells:

 Your Spells              Type           Power      Damage    Failure   Level
a - Foxfire               Conj/Fire      40%        2x1d6     7%          1
b - Scorch                Fire           20%        2d6       10%         2
c - Conjure Flame         Conj/Fire      10%        6-21      21%         3
d - Inner Flame           Hex/Fire       10%        N/A       21%         3
e - Flame Wave            Conj/Fire      10%        2d6       54%         4
Your spell library was empty.

Dungeon Overview and Level Annotations

Branches:
Dungeon (1/15)

Altars:


Innate Abilities, Weirdness & Mutations

You are immune to sickness and miasma.
You are immune to poison.
Your flesh is very heat resistant. (rF++)
You are vulnerable to cold. (rC-)
You float through the air rather than walking.
You learn spells naturally, not from books.
Your magical power is your life essence.
You have superior vitality. (+4 MHP)


Message History

The foxfire hits the endoplasm.
You kill the endoplasm!
A giant cockroach comes into view.
Found a scale mail.
The foxfire hits the giant cockroach but does no damage.
The foxfire hits the giant cockroach.
The giant cockroach is severely wounded.
You conjure some foxfire!
The giant cockroach bites you but does no damage.
You conjure some foxfire!
The foxfire hits the giant cockroach.
The giant cockroach is severely wounded.
The foxfire hits the giant cockroach but does no damage.
The giant cockroach is severely wounded.
The giant cockroach barely misses you.
You conjure some foxfire!
The foxfire hits the giant cockroach.
You kill the giant cockroach!
Your foxfire dissipates!
c - a ring of ice Your foxfire dissipates! x2
Found a robe.
Found a scroll labelled UPRUEDGH DOTHRO.
You see here a +0 scale mail.
d - a +0 scale mail
Found a scroll labelled BOXATY HIBE.
You see here a +0 robe.
A jackal comes into view.
The jackal barks!
You hear a bark!
You hear a shout!
A jackal comes into view.
A frilled lizard, a quokka and a giant cockroach come into view.
The jackal bites you.
You see here a +0 robe.
The jackal attacks as you move away! The jackal barely misses you.
Casting: Foxfire (safe; 7% risk of failure)
Confirm with . or Enter, or press ? or * to list all spells.
You aren't experienced enough to cast this spell.
You are too injured to fight recklessly!
The jackal attacks as you move away! The jackal bites you.
* * * LOW HITPOINT WARNING * * *
The jackal bites you.
You die...

.....##.........
................
..r........?.#
......?......#
.............#
.....####B.#l.#
#### #.#h##.# #
######.##h#.##...
#.......#@.....#
#...........####
#...........#
#...........#
#...........#
#...........#
#...........#
#...........#
#...).......#


You could see 2 jackals and a giant cockroach.

Vanquished Creatures
  2 endoplasms (D:1)
  A giant cockroach (D:1)
  A rat (D:1)
4 creatures vanquished.

Vanquished Creatures (others)
  16 foxfires (D:1)
16 creatures vanquished.

Grand Total: 20 creatures vanquished

Notes
Turn   | Place    | Note
-------+----------+-------------------------------------------
     0 | D:1      | snetch the Djinni Fire Elementalist began the quest for the
                  | Orb.
     0 | D:1      | snetch set off with the following spells memorised:
                  | Foxfire, Scorch, Conjure Flame, Inner Flame, Flame Wave.
     0 | D:1      | Reached XP level 1. HP: 15/15 MP: 0/0
    72 | D:1      | Got the Folio of the Evil Snowflakes
   108 | D:1      | Slain by a jackal

Illustrated notes

Levels and vault maps discovered:
D:1:      lemuel_arrival_muddy, layout_basic, chequers_serial_rivers_marsh,
          minmay_tetromino_s2

Action                   || total
-------------------------++-------
 Cast: Foxfire           ||     9
Armor: Robe              ||     1
Dodge: Dodged            ||     2
